Match 42741393
Unlisted

Match 42741393
End
Selects Italian Coastal Battlegroup
Selects Coastal Reserves
Coastal Reserve
Construct Infanterie Kompanie
GrW 34 Mortar Team
Coastal Reserve
Coastal Reserve
Construct Panzergrenadier Kompanie
Medical Station
Support Elements
Selects Artillery Officer
Nebelwerfer 42 Rocket Launcher Team
Construct Luftwaffe Kompanie
Jäger Squad
Wirbelwind Flakpanzer
Jäger Squad
Selects Obice da 210/22 Artillery Emplacement
Pioneer Squad
Selects Designate Defensive Line
Selects Rapid Fortifications
Selects Designate Defensive Line
Selects Designated Artillery Overwatch
MG 42 Bunker
Jäger Squad
MG 42 Bunker
Construct Panzer Kompanie
Selects Bulwark
Jäger Squad
Jäger Squad
Jäger Squad
Jäger Squad
Jäger Squad
Jäger Squad
Jäger Squad
Jäger Squad
Wirbelwind Flakpanzer
Wirbelwind Flakpanzer
Panzer IV Medium Tank
Panzer IV Medium Tank
AL MOATASEM BELLAH
MツんムMMED
juliusnass9
Guiz
Tok3n x Operator
King Bug$plat
A'lil _Off
kantera
0
0

Comments sign in to comment!

No comments posted yet!